 Dungeon Crawl Stone Soup version 0.25-a0-583-g696c2ac64d (webtiles) character file.

Game seed: 7787638750272942627, levelgen mode: deterministic

14 Dustman the Grasshopper (level 2, 0/23 HPs)
             Began as a Barachi Warper on Mar 8, 2020.
             Succumbed to a goblin's poison
             ... on level 1 of the Dungeon.
             The game lasted 00:02:32 (139 turns).

Dustman the Grasshopper (Barachi Warper)             Turns: 139, Time: 00:02:33

Health: 0/23       AC:  6    Str: 12    XL:     2   Next: 41%
Magic:  5/5        EV: 11    Int: 13    God:
Gold:   27         SH:  0    Dex: 11    Spells: 5/5 levels left

rFire    . . .     SeeInvis .   a - +0 falchion
rCold    . . .     Gourm    .   (no shield)
rNeg     . . .     Faith    .   c - +1 ring mail
rPois    .         Spirit   .   (no helmet)
rElec    .         Reflect  .   (no cloak)
rCorr    .         Harm     .   (no gloves)
MR       .....                  (no boots)
Stlth    +.........             (no amulet)
HPRegen  0.07/turn              (no ring)
MPRegen  0.09/turn              (no ring)

@: lethally poisoned (0 -> -18), hasted, very quick
A: +LOS, swims, slowness 1, strong legs 1
a: Hop


You were on level 1 of the Dungeon.
You were not hungry.

You visited 1 branch of the dungeon, and saw 1 of its levels.

You collected 27 gold pieces.

Inventory:

Hand Weapons
 a - a +0 falchion (weapon)
Missiles
 e - 5 boomerangs of dispersal (quivered)
Armour
 b - a +0 leather armour
 c - a +1 ring mail (worn)
Scrolls
 d - a scroll of blinking
Comestibles
 f - a ration


   Skills:
 + Level 2.7 Fighting
 + Level 2.7 Long Blades
 - Level 1.0 Throwing
 + Level 1.6 Armour
 + Level 2.4 Dodging
 + Level 2.4 Spellcasting
   Level 3.2 Translocations


You had 5 spell levels left.
You didn't know any spells.
Your spell library contained the following spells:

 Spells                   Type           Power        Failure   Level  Hunger
 Blink                    Tloc           N/A          22%         2    ###....
 Shroud of Golubria       Chrm/Tloc      #.....       38%         2    ###....
 Gell's Gravitas          Tloc           ##........   38%         3    ###....
 Lesser Beckoning         Tloc           ##........   38%         3    ###....
 Teleport Other           Tloc           ##......     38%         3    ###....
 Passage of Golubria      Tloc           N/A          80%         4    #####..


Dungeon Overview and Level Annotations

Branches:
Dungeon (1/15)

Altars:


Innate Abilities, Weirdness & Mutations

You can be seen from farther away. (+LOS)
You can swim through water.
You cover ground slowly.
You can hop short distances.


Message History

The goblin is moderately wounded.
* * * LOW HITPOINT WARNING * * *
You feel sick.
The kobold hits the plant but does no damage.
The goblin splashes around in the water.
It was a potion of haste.
You feel yourself speed up.
* * * LOW HITPOINT WARNING * * *
You feel sick.
The kobold hits the plant but does no damage.
The goblin completely misses you.
You riposte.
You hit the goblin.
The goblin is severely wounded.
* * * LOW HITPOINT WARNING * * *
You feel sick.
Something hits the plant but does no damage.
* * * LOW HITPOINT WARNING * * *
You feel sick.
As you read the scroll labeled LEUMIG QIN, it crumbles to dust.
It is a scroll of enchant armour.
Your +0 ring mail glows green for a moment.
You die...

.........#.............$.
.........#...........#+
..########...♣♣.≈♣.### ..
#...♣♣≈♣♣ .. . #...♣♣.♣♣
# ..♣♣.♣♣≈P♣ #.♣♣♣♣♣..♣♣
♣ +..♣♣.P)≈≈≈♣P♣P♣...
##..≈≈.≈g≈@..≈≈....
#.♣♣♣♣P.≈≈.≈.♣♣...
♣♣♣≈≈♣♣♣♣ ≈.♣♣ ♣♣.P P≈.
♣.P♣ ..#K .#


You could see a goblin.

Vanquished Creatures
  A dart slug (D:1)
  A bat (D:1)
  2 goblins (D:1)
  4 hobgoblins (D:1)
  A frilled lizard (D:1)
  A rat (D:1)
10 creatures vanquished.

Notes
Turn   | Place    | Note
-------+----------+-------------------------------------------
     0 | D:1      | Dustman the Barachi Warper began the quest for the Orb.
     0 | D:1      | Reached XP level 1. HP: 17/17 MP: 3/3
    77 | D:1      | Reached XP level 2. HP: 19/23 MP: 5/5
   138 | D:1      | HP: 1/23 [poisoned by a goblin]
   139 | D:1      | Succumbed to a goblin's poison

Levels and vault maps discovered:
D:1:      sevenhm_arrival_forest_fort_small_6, layout_basic,
          serial_bayou_crossing

Action                   || total
-------------------------++-------
Melee: Falchion          ||    36
  Use: Scroll            ||     1
       Potion            ||     1
Armor: Ring mail         ||    14
Dodge: Dodged            ||    20
       Rpst.: Falchion   ||    10

Table legend:
 A = Non-vault XP
 B = Vault XP
 C = Vault XP percentage of total XP
 D = Non-vault monster count
 E = Vault monster count
 F = Vault count percentage of total count
                 A         B        C        D         E       F
            +---------+---------+-------+---------+---------+-------
      Total |      20 |       0 |   0.0 |      10 |       0 |   0.0
            +---------+---------+-------+---------+---------+-------
        D:1 |      20 |       0 |   0.0 |      10 |       0 |   0.0
            +---------+---------+-------+---------+---------+-------
